 Dungeon Crawl Stone Soup version 0.31-a0-426-g3a05650e59 (webtiles) character file.

Game seed: 5154168106826953998

108 arthad the Poker (level 4, -1/35 HPs)
             Began as a Merfolk Gladiator on July 30, 2023.
             Slain by a gnoll
             ... wielding a +0 halberd
              (12 damage)
             ... on level 3 of the Dungeon.
             The game lasted 00:03:45 (1525 turns).

arthad the Poker (Merfolk Gladiator)                Turns: 1525, Time: 00:03:46

Health: -1/35      AC:  5    Str: 16    XL:     4   Next: 87%
Magic:  4/4        EV: 13    Int:  7    God:
Gold:   130        SH:  0    Dex: 15    Spells: 3/3 levels left

rFire   . . .        a - +0 trident
rCold   . . .        (no shield)
rNeg    . . .        b - +0 leather armour
rPois   .            c - +0 helmet
rElec   .            (no cloak)
rCorr   .            (no gloves)
SInv    .            o - +0 pair of boots
Will    .....        (no amulet)
Stlth   +            (no ring)
HPRegen 0.25/turn    (no ring)
MPRegen 0.09/turn

%: no passive effects
@: no status effects
A: (nimble swimmer 2), mertail
a: no special abilities


You were on level 3 of the Dungeon.
You visited 1 branch of the dungeon, and saw 3 of its levels.

You collected 130 gold pieces.

Inventory:

Hand Weapons
 a - a +0 trident (weapon)
Missiles
 d - 2 throwing nets
 e - a javelin
 j - 4 poisoned darts (quivered)
 q - 4 boomerangs
Armour
 b - a +0 leather armour (worn)
 c - a +0 helmet (worn)
 o - a +0 pair of boots (worn)
Scrolls
 f - a scroll of blinking {unknown}
 g - a scroll of silence {unknown}
 h - 2 scrolls of identify {unknown}
 i - a scroll of enchant armour {unknown}
 k - a scroll of amnesia {unknown}
 m - 2 scrolls of brand weapon {unknown}
 n - a scroll of poison {unknown}
 r - 3 scrolls of acquirement {unknown}
Potions
 l - a potion of curing {unknown}
 p - 4 potions of haste
 s - a potion of brilliance {unknown}


   Skills:
 * Level 3.2 Fighting
 * Level 4.9 Polearms
 + Level 2.6 Throwing
 + Level 1.0 Armour
 + Level 4.7 Dodging


You had 3 spell levels left.
You didn't know any spells.
Your spell library contained the following spells:

 Spells                   Type           Power      Damage    Failure   Level
 Sublimation of Blood     Necr           0%         N/A       65%         2
 Wereblood                Tmut           0%         N/A       65%         2
 Summon Hydra             Summ           0%         N/A       100%        7


Dungeon Overview and Level Annotations

Branches:
Dungeon (3/15)

Altars:


Innate Abilities, Weirdness & Mutations

((You are very nimble when in or above water. (Stealth+, EV+, Speed+++)))
Your lower body shifts to a powerful aquatic tail in water.


Message History

You throw a poisoned dart.
The poisoned dart closely misses the gnoll.
Throw: 7 darts (poison)
Press: ? - help, Q - select action, (/) - cycle Shift-Dir - straight line, f/p - gnoll
Aim: a gnoll, wielding a +0 club (61% to hit)
You throw a poisoned dart. The poisoned dart hits the gnoll.
The gnoll is poisoned.
Throw: 6 darts (poison)
Press: ? - help, Q - select action, (/) - cycle Shift-Dir - straight line, f/p - gnoll
Aim: a gnoll, wielding a +0 club (lightly wounded, poisoned, 61% to hit)
You throw a poisoned dart. The poisoned dart hits the gnoll.
The gnoll looks even sicker.
The gnoll is lightly wounded.
Throw: 5 darts (poison)
Press: ? - help, Q - select action, (/) - cycle Shift-Dir - straight line, f/p - gnoll
Aim: a gnoll, wielding a +0 club (lightly wounded, very poisoned, 61% to hit)
You throw a poisoned dart.
The poisoned dart barely misses the gnoll.
The poisoned dart hits the gnoll.
The gnoll is poisoned.
The gnoll misses you.
You barely miss the gnoll.
The gnoll is lightly wounded.
The gnoll hits you but does no damage.
The gnoll hits you from afar with a +0 halberd.
You hit the gnoll.
The gnoll is moderately wounded.
The gnoll hits you with a +0 club. The gnoll closely misses you.
You hit the gnoll but do no damage.
The gnoll is moderately wounded.
The gnoll hits you with a +0 club. The gnoll closely misses you.
You barely miss the gnoll.
The gnoll is severely wounded.
The gnoll hits you with a +0 club.
The gnoll hits you from afar with a +0 halberd!
You are too injured to fight recklessly!
You are too injured to fight recklessly!
You barely miss the gnoll.
The gnoll is severely wounded.
The gnoll hits you from afar with a +0 halberd!
You die...

### ..# #.# ..
#.#
##.####.########
.........<.....#
#.......######.#
#....##@# ...<
#g# #.. #g#
...#. #g# ....


og# #..# ..## # #..# ... # #.#g.# g..( #..#.#.[##..... You could see 3 gnolls,
an orc and a hobgoblin.

Vanquished Creatures
  An orc wizard (D:2)
  2 adders (D:2)
  An adder zombie (D:2)
  A worm (D:2)
  A dart slug (D:1)
  An orc (D:2)
  5 bats
  2 bat skeletons (D:2)
  A bat zombie (D:2)
  3 endoplasms
  A giant cockroach (D:1)
  2 goblins (D:2)
  3 hobgoblins
  6 jackals (D:2)
  A quokka (D:1)
  6 ball pythons
  A ball python skeleton (D:2)
  A ball python zombie (D:2)
  2 frilled lizards (D:2)
  A jackal zombie (D:2)
  4 kobolds
  2 quokka skeletons (D:2)
  7 rats
55 creatures vanquished.

Notes
Turn   | Place    | Note
-------+----------+-------------------------------------------
     0 | D:1      | arthad the Merfolk Gladiator began the quest for the Orb.
     0 | D:1      | Reached XP level 1. HP: 16/16 MP: 1/1
   138 | D:1      | Reached XP level 2. HP: 23/23 MP: 2/2
   817 | D:2      | Reached XP level 3. HP: 22/28 MP: 3/3
   961 | D:2      | Reached XP level 4. HP: 12/34 MP: 4/4
  1453 | D:2      | Reached skill level 1 in Armour
  1525 | D:3      | Slain by a gnoll

Illustrated notes

Levels and vault maps discovered:
D:1:      amcnicky_arrival_abandoned_market, layout_basic,
          hangedman_decor_peaks_small, nicolae_figureground_sparkle
D:2:      layout_rooms, serial_undead, serial_undead_e, serial_undead_c,
          serial_undead_a, serial_undead_c, serial_bayou_pond_e,
          minmay_tromino_i4
D:3:      wander_river, layout_loops_cross, mainiacjoe_overflow_small_starburst,
          grunt_dithmenos_smoke

Skill      XL: |  1  2  3  4 |
---------------+-------------+-----
Fighting       | 3 |  3.2
Armour         | 1 |  1.0
Polearms       | |  4.9
Throwing       | |  2.6
Dodging        | |  4.7

Action                     |  1- 3 |  4- 6 || total
---------------------------+-------+-------++-------
  Melee: Trident           |   122 |    84 ||   206
         Punch             |     1 |     1 ||     2
  Throw: Throwing net      |     2 |       ||     2
         Dart              |       |     4 ||     4
    Use: Potion            |     2 |       ||     2
   Stab: Sleeping          |       |     1 ||     1
 Armour: Leather armour    |    65 |    29 ||    94
  Dodge: Dodged            |   112 |    76 ||   188

Table legend: (Time is in decaauts)
 A = Elapsed time spent in this place.
 B = Non-inter-level travel time spent in this place.
 C = Inter-level travel time spent in this place.
 D = Time resting spent in this place.
 E = Time spent auto-exploring this place.
 F = Levels seen in this place.
 G = Mean time per level.
                   A        B        C        D        E       F      G
               +--------+--------+--------+--------+--------+-----+--------+
         Total |   1521 |   1491 |     30 |     47 |   1056 |   3 |  507.0 |
       Dungeon |   1521 |   1491 |     30 |     47 |   1056 |   3 |  507.0 |
               +--------+--------+--------+--------+--------+-----+--------+

Top non-repeatable levels by time:
     D:1: 797 daAuts
     D:2: 705 daAuts
     D:3: 19 daAuts
